 Dungeon Crawl Stone Soup version 0.30-b1-2-g02819fbbbe (webtiles) character file.

Game seed: 1860432564626701001

1436 Borgoz the Slasher (level 9, -6/106 HPs)
             Began as a Human Gladiator on June 25, 2023.
             Mangled by a hornet (10 damage)
             ... on level 9 of the Dungeon.
             The game lasted 00:08:12 (4717 turns).

Borgoz the Slasher (Human Gladiator)                Turns: 4717, Time: 00:08:13

Health: -6/106     AC: 10    Str: 21    XL:     9   Next: 3%
Magic:  0/13       EV: 14    Int:  8    God:
Gold:   74         SH:  0    Dex: 16    Spells: 14/14 levels left

rFire   . . .        a - +2 long sword
rCold   . . .        (no shield)
rNeg    . . .        k - +0 ring mail
rPois   .            c - +0 helmet
rElec   .            r - +0 cloak
rCorr   +            p - +0 pair of gloves
SInv    .            (no boots)
Will    +....        f - amulet of guardian spirit Stlth
                     u - ring "Qoik" {+Blink Will+ rCorr Str+3}
HPRegen 0.37/turn    (no ring)
MPRegen 0.13/turn

%: guardian spirit
@: berserking, lethally poisoned (-6 -> -14), slowed
A: no striking features
a: Evoke Blink


You were on level 9 of the Dungeon.
You visited 2 branches of the dungeon, and saw 8 of its levels.

You collected 74 gold pieces.

Inventory:

Hand Weapons
 a - a +2 long sword (weapon)
 b - a +0 dagger of electrocution
 l - a +0 scimitar
Missiles
 d - 2 throwing nets (quivered)
 e - a javelin
 n - 3 silver javelins
Armour
 c - a +0 helmet (worn)
 g - a +0 plate armour
 k - a +0 ring mail (worn)
 p - a +0 pair of gloves (worn)
 r - a +0 cloak (worn)
Jewellery
 f - an amulet of guardian spirit (around neck)
 u - the ring "Qoik" (left hand) {+Blink Will+ rCorr Str+3}
   (You acquired it on level 5 of the Dungeon)

   [ring of resist corrosion]

   Str:       It affects your strength (+3).
   +Blink:    It lets you blink.
   rCorr:     It protects you from acid and corrosion.
   Will:      It increases your willpower.
Wands
 q - a wand of flame (41)
Scrolls
 t - a scroll of magic mapping
Potions
 h - a potion of flight
 i - 2 potions of might
 j - a potion of curing
 m - a potion of lignification
 o - 3 potions of attraction {unknown}
 s - a potion of heal wounds


   Skills:
 + Level 6.7 Fighting
 * Level 7.4 Long Blades
 - Level 4.1 Throwing
 + Level 6.2 Armour
 + Level 7.1 Dodging
 - Level 3.6 Stealth
 - Level 3.0 Spellcasting


You had 14 spell levels left.
You didn't know any spells.
Your spell library was empty.

Dungeon Overview and Level Annotations

Branches:
Dungeon (6/15)             Temple (1/1) D:4

Altars:
Ashenzari
Cheibriados
Dithmenos
Elyvilon
Fedhas
Gozag
Hepliaklqana
Kikubaaqudgha
Nemelex Xobeh
Okawaru
Qazlal
Ru
Sif Muna
Trog
Uskayaw
Vehumet
Wu Jian
Xom
Zin
The Shining One

Shops:
D:1 :   D:4 =


Message History

A red film seems to cover your vision as you go berserk!
You feel yourself moving faster!
You feel mighty!
You feel very sick. The hornet stings you!
You feel as though you will be slow longer.
The hornet closely misses you.
You hit the hornet.
The hornet is lightly wounded.
You feel very sick. The hornet stings you!
You feel as though you will be slow longer.
The hornet closely misses you.
You barely miss the hornet.
The hornet is lightly wounded.
You feel sick. The hornet barely misses you.
You closely miss the hornet.
The hornet is lightly wounded.
You feel sick. The hornet stings you!
* * * LOW HITPOINT WARNING * * *
You are more poisoned.
You feel as though you will be slow longer.
The hornet barely misses you.
You barely miss the hornet.
The hornet is lightly wounded.
You feel very sick. The hornet stings you!
* * * LOW HITPOINT WARNING * * *
You feel as though you will be slow longer.
You slash the hornet!
The hornet is heavily wounded.
You feel very sick. The hornet barely misses you. The hornet stings you!
* * * LOW HITPOINT WARNING * * *
You feel as though you will be slow longer.
You slash the hornet! Your punch misses the hornet.
The hornet is almost dead.
* * * LOW HITPOINT WARNING * * *
You feel very sick. The hornet stings you!
You die...

. ####.#
###..... ......
#...# ###^..##
#.y@...# #
#.#....#
#.##.#....##
.###..y.........
........#.##.###
........#.# ...
.y.....##.# ###
.###### #.#


You could see a hornet.

Vanquished Creatures
  Pikel (D:5)
  Sigmund (D:5)
  Menkaure (D:5)
  An ogre (D:4)
  A lemure (D:4)
  A phantom (D:5)
  A kobold brigand (D:4)
  3 scorpions
  Natasha (twice) (D:2)
  2 iguanas
  5 adders
  An ufetubus (D:5)
  3 worms
  2 dart slugs
  8 orcs
  8 ball pythons
  2 bats (D:1)
  3 endoplasms
  2 giant cockroaches
  9 goblins
  A hobgoblin (D:1)
  6 jackals
  3 quokkas
  3 frilled lizards
  6 kobolds
  7 rats
83 creatures vanquished.

Notes
Turn   | Place    | Note
-------+----------+-------------------------------------------
     0 | D:1      | Borgoz the Human Gladiator began the quest for the Orb.
     0 | D:1      | Reached XP level 1. HP: 16/16 MP: 1/1
   170 | D:1      | Reached XP level 2. HP: 20/22 MP: 2/2
   280 | D:1      | Found Eling's Book Emporium.
   833 | D:2      | Reached skill level 1 in Armour
   833 | D:2      | Reached XP level 3. HP: 28/28 MP: 3/3
  1215 | D:2      | Noticed Natasha
  1220 | D:2      | Killed Natasha
  1221 | D:2      | Reached XP level 4. HP: 24/34 MP: 4/4
  1405 | D:2      | Noticed Natasha
  1410 | D:2      | Killed Natasha
  1411 | D:2      | Reached XP level 5. HP: 40/40 MP: 5/5
  1421 | D:2      | Reached skill level 5 in Fighting
  1421 | D:2      | Reached skill level 5 in Armour
  1421 | D:2      | Reached XP level 6. HP: 52/52 MP: 5/10
  2297 | D:4      | Found Abumial's Jewellery Boutique.
  2320 | D:4      | Noticed an ogre
  2325 | D:4      | Killed an ogre
  2326 | D:4      | Reached XP level 7. HP: 58/58 MP: 11/11
  3006 | D:4      | Found a staircase to the Ecumenical Temple.
  3124 | Temple   | Entered the Ecumenical Temple
  3601 | D:5      | Entered Level 5 of the Dungeon
  4111 | D:5      | Identified a scroll of acquirement
  4111 | D:5      | Acquired the ring "Qoik" {+Blink Will+ rCorr Str+3}
  4226 | D:5      | Noticed Menkaure
  4236 | D:5      | Killed Menkaure
  4237 | D:5      | Reached XP level 8. HP: 48/65 MP: 8/12
  4237 | D:5      | Noticed Pikel
  4320 | D:5      | Noticed Sigmund
  4330 | D:5      | Killed Pikel
  4400 | D:5      | Killed Sigmund
  4534 | D:5      | Reached XP level 9. HP: 51/71 MP: 11/13
  4699 | D:6      | You fall into a shaft and drop 3 floors!
  4700 | D:9      | Noticed a hornet
  4709 | D:9      | Paralysed by a hornet for 2 turns
  4717 | D:9      | HP: 4/106 [poisoned by a hornet]
  4717 | D:9      | Mangled by a hornet

Illustrated notes

Levels and vault maps discovered:
D:1:      co_arrival_two_rings, layout_rooms, serial_shops, shop,
          serial_co_window_serial, co_window_of_opportunity_a,
          co_window_corner_a, co_window_cross_1, co_window_paths_a,
          co_window_corner_a, co_window_cross_3, co_window_corner_b,
          co_window_paths_c, co_window_of_opportunity_b, co_window_paths_e,
          glass_columns_b, glass_columns_b
D:2:      layout_loops_cross, uniq_natasha
D:3:      layout_loops_cross, hangedman_decor_growths
D:4:      layout_loops_corners, minmay_temple_entry_junction, serial_shops,
          nicolae_shop_gaudy_bauble
D:5:      layout_cave_pools, skrybe_limestone_x, minmay_misc_feat_secret_circle,
          grunt_decor_resistance, minmay_misc_feat_tiny, uniq_sigmund,
          uniq_pikel, uniq_menkaure
D:6:      layout_rooms, uniq_maggie, uniq_edmund
D:9:      layout_loops_cross, serial_bayou_pond_e
Temple:   mainiacjoe_temple_cubbyholes

Skill      XL: |  1  2  3  4  5  6  7  8 |
---------------+-------------------------+-----
Armour         | 1 5 6 |  6.2
Fighting       | 5 6 |  6.7
Long Blades    | 6 7 |  7.4
Throwing       | 4 |  4.1
Dodging        | 6 7 |  7.1
Stealth        | 3 |  3.6
Spellcasting   | 3 |  3.0

Action                     |  1- 3 |  4- 6 |  7- 9 || total
---------------------------+-------+-------+-------++-------
  Melee: Long sword        |    92 |    70 |   119 ||   281
         Dagger            |       |     6 |       ||     6
         Punch             |       |     3 |     3 ||     6
  Throw: Throwing net      |     1 |       |     1 ||     2
  Evoke: Wand              |       |       |     7 ||     7
    Use: Scroll            |       |     8 |     8 ||    16
         Potion            |       |     1 |     1 ||     2
   Stab: Held in net/web   |     1 |       |     1 ||     2
         Sleeping          |       |     3 |     1 ||     4
         Distracted        |       |       |     1 ||     1
 Armour: Leather armour    |    36 |     7 |       ||    43
         Ring mail         |       |    18 |    42 ||    60
  Dodge: Dodged            |    83 |    67 |    92 ||   242
